 Dungeon Crawl Stone Soup version 0.22-a0-538-g76cc104 (webtiles) character file.

203 Hebeh the Chopper (level 5, -1/47 HPs)
             Began as a Minotaur Fighter on June 23, 2018.
             Was an Initiate of Trog.
             Slain by an ogre
             ... wielding a +0 giant club
              (14 damage)
             ... on level 4 of the Dungeon.
             The game lasted 00:07:27 (2570 turns).

Hebeh the Chopper (Minotaur Fighter)                Turns: 2570, Time: 00:07:28

Health: -1/47      AC:  7    Str: 21    XL:     5   Next: 51%
Magic:  4/4        EV:  7    Int:  5    God:    Trog [......]
Gold:   183        SH: 10    Dex: 10    Spells: 4/4 levels left

rFire    . . .     SeeInvis .   A - -1 flail (curse)
rCold    . . .     Gourm    .   c - +1 shield
rNeg     . . .     Faith    .   b - +0 scale mail
rPois    .         Spirit   .   (helmet restricted)
rElec    .         Reflect  .   (no cloak)
rCorr    .         Harm     .   (no gloves)
MR       +....                  (no boots)
Stlth    ..........             (no amulet)
HPRegen  0.15/turn              h - ring of protection from magic
MPRegen  0.09/turn              (no ring)

@: no status effects
A: retaliatory headbutt, horns 2
a: Renounce Religion


You were on level 4 of the Dungeon.
You worshipped Trog.
Trog was noncommittal.
You were not hungry.

You visited 2 branches of the dungeon, and saw 5 of its levels.

You collected 183 gold pieces.

Inventory:

Hand Weapons
 a - a +1 war axe
 l - a +2 whip of freezing
 p - a +0 dagger of venom
 x - a +4 flail of protection
 y - a +0 hand axe of freezing
 A - a cursed -1 flail (weapon)
Armour
 b - a +0 scale mail (worn)
 c - a +1 shield (worn)
Jewellery
 h - a ring of protection from magic (left hand)
 r - an uncursed ring of positive energy
 s - an uncursed ring of protection from magic
 z - a +3 ring of strength
Scrolls
 e - 2 scrolls of magic mapping
 w - a scroll of teleportation
Potions
 d - 2 potions of might
 i - 2 potions of curing {unknown}
 k - a potion of agility {unknown}
 m - a potion of ambrosia {unknown}
 n - a potion of lignification {unknown}
 t - a potion of brilliance {unknown}
 B - 2 potions of magic {unknown}
Comestibles
 f - 6 rations
 u - a chunk of flesh


   Skills:
 + Level 4.6 Fighting
 * Level 4.8 Axes
 + Level 4.6 Armour
 + Level 4.7 Shields


You had 4 spell levels left.
You didn't know any spells.
Your spell library was empty.

Dungeon Overview and Level Annotations

Branches:
Dungeon (4/15)             Temple (1/1) D:4

Altars:
Dithmenos
Elyvilon
Makhleb
Sif Muna
Trog
Wu Jian
Xom
Zin


Innate Abilities, Weirdness & Mutations

You reflexively headbutt those who attack you in melee.
You have a pair of horns on your head.


Message History

As you read the scroll labeled MOAPHU UCKO SUV, it crumbles to dust.
It was a scroll of blinking.
Okay, then.
Your surroundings suddenly seem different.
You hear the slow rusting of a distant drain.
Found a stone staircase leading up.
An ogre comes into view. It is wielding a giant club.
The ogre barely misses you.
You closely miss the ogre. You block the ogre's attack.
You hit the ogre but do no damage. The ogre hits you with a giant club!!
You sock the ogre!
You headbutt the ogre, but do no damage.
The ogre is heavily wounded.
The ogre hits you with a giant club!
* * * LOW HITPOINT WARNING * * *
Your magical contamination has completely faded away.
You are too injured to fight recklessly!
You are too injured to fight recklessly!
The ogre hits you with a giant club!
You die...

### ##..# ##...#
#....# #<...#####
#.O.......
#@.........## ###
#............###..
##.......###.<.#.#
#.........####.#.#
#.........# #.#.#
#.........# #...#
#.........# ####..
#.........###.....
##.......##...#...


You could see an ogre.

Vanquished Creatures
  A centaur skeleton (D:4)
  An orc wizard (D:3)
  3 gnolls (D:3)
  6 adders
  2 dart slugs
  4 leopard geckos
  3 orcs (D:3)
  6 giant cockroaches
  5 goblins
  3 hobgoblins
  4 kobolds
  3 quokkas
  A ball python (D:3)
  6 bats
  5 frilled lizards
  3 rats (D:2)
56 creatures vanquished.

Notes
Turn   | Place    | Note
-------+----------+-------------------------------------------
     0 | D:1      | Hebeh the Minotaur Fighter began the quest for the Orb.
     0 | D:1      | Reached XP level 1. HP: 19/19 MP: 0/0
   362 | D:1      | Reached XP level 2. HP: 27/27 MP: 1/1
   605 | D:2      | Reached XP level 3. HP: 33/33 MP: 2/2
  1416 | D:2      | Reached XP level 4. HP: 40/40 MP: 3/3
  1822 | D:3      | Reached XP level 5. HP: 39/47 MP: 4/4
  2454 | D:4      | Found a staircase to the Ecumenical Temple.
  2481 | Temple   | Entered the Ecumenical Temple
  2487 | Temple   | Became a worshipper of Trog the Wrathful
  2563 | D:4      | Noticed an ogre
  2570 | D:4      | Slain by an ogre

Vault maps used:
D:1:      dpeg_arrival_arbitrary_c
D:3:      first_ration, minmay_misc_feat_secret_circle
D:4:      minitemple, minmay_temple_entry_mist, portal_sewer_entry_f,
          kennysheep_generic_room_4, uniq_ijyb
Temple:   eino_narrow_crystal_temple

Skill      XL: |  1  2  3  4 |
---------------+-------------+-----
Axes           | 3 4 |  4.8
Armour         | 4 |  4.6
Shields        | 4 |  4.7
Fighting       | 4 |  4.6

Action                   |  1- 3 |  4- 6 || total
-------------------------+-------+-------++-------
Melee: War axe           |    38 |    42 ||    80
       Headbutt          |     6 |     8 ||    14
       Whip              |    51 |       ||    51
       Flail             |       |    26 ||    26
  Use: Scroll            |       |     9 ||     9
  Eat: Chunk             |     1 |     4 ||     5
Armor: Scale mail        |    28 |    31 ||    59
Dodge: Dodged            |    14 |    22 ||    36
Block: Shield            |    43 |    42 ||    85

Table legend:
 A = Spawn XP
 B = Non-spawn XP
 C = Spawn XP percentage of total XP
 D = Spawn monster count
 E = Non-spawn monster count
 F = Spawn count percentage of total count
 G = Total turns spent on level
                    A         B        C        D         E        F      G
               +---------+---------+-------+---------+---------+-------+---------
         Total |       0 |     290 |   0.0 |       0 |      56 |   0.0 |  2570
               +---------+---------+-------+---------+---------+-------+---------
           D:1 |       0 |      14 |   0.0 |       0 |       7 |   0.0 |   522
           D:2 |       0 |      89 |   0.0 |       0 |      24 |   0.0 |   943
           D:3 |       0 |     141 |   0.0 |       0 |      22 |   0.0 |   936
           D:4 |       0 |      46 |   0.0 |       0 |       3 |   0.0 |   156
               +---------+---------+-------+---------+---------+-------+---------
